 Dungeon Crawl Stone Soup version 0.30-a0-4-ga7cffc901d (webtiles) character file.

Game seed: 11915372403068335131

81 Setbun the Cutter (level 4, -1/26 HPs)
             Began as a Kobold Brigand on Aug 20, 2022.
             Succumbed to an orc's poison
             ... on level 2 of the Dungeon.
             The game lasted 00:01:45 (1898 turns).

Setbun the Cutter (Kobold Brigand)                  Turns: 1898, Time: 00:01:46

Health: -1/26      AC:  3    Str:  8    XL:     4   Next: 67%
Magic:  4/4        EV: 14    Int: 12    God:
Gold:   143        SH:  0    Dex: 18    Spells: 3/3 levels left

rFire   . . .      SeeInvis .    a - +2 dagger
rCold   . . .      Faith    .    (no shield)
rNeg    + . .      Spirit   .    b - +0 robe
rPois   .          Reflect  .    (no helmet)
rElec   .          Harm     .    c - +0 cloak
rCorr   .          Rampage  .    (no gloves)
Will    .....                    (no boots)
Stlth   ++++......               (no amulet)
HPRegen 0.08/turn                h - ring of positive energy
MPRegen 0.09/turn                (no ring)

@: lethally poisoned (-1 -> -21)
A: small, no large weapons, nightstalker 3
a: no special abilities


You were on level 2 of the Dungeon.
You visited 1 branch of the dungeon, and saw 3 of its levels.

You collected 143 gold pieces.

Inventory:

Hand Weapons
 a - a +2 dagger (weapon)
Missiles
 d - 9 poisoned darts (quivered)
 e - 3 curare-tipped darts
Armour
 b - a +0 robe (worn)
 c - a +0 cloak (worn)
Jewellery
 h - a ring of positive energy (left hand)
Scrolls
 f - 3 scrolls of identify {unknown}
 g - a scroll of noise {unknown}
Potions
 i - a potion of might {unknown}
 j - a potion of lignification {unknown}
 k - a potion of curing {unknown}


   Skills:
 - Level 2.1 Fighting
 * Level 6.0 Short Blades
 - Level 2.1 Throwing
 - Level 1.2 Dodging
 - Level 5.3 Stealth


You had 3 spell levels left.
You didn't know any spells.
Your spell library contained the following spells:

 Spells                   Type           Power      Damage    Failure   Level
 Slow                     Hex            0%         N/A       32%         1
 Confusing Touch          Hex            0%         N/A       69%         3
 Vampiric Draining        Necr           0%         2d6       69%         3


Dungeon Overview and Level Annotations

Branches:
Dungeon (3/15)

Altars:


Innate Abilities, Weirdness & Mutations

You are small and have problems with some larger weapons.
You are completely attuned to the shadows.


Message History

There is a stone staircase leading down here.
You climb downwards.
The bat hits you but does no damage. The orc closely misses you.
The bat barely misses you. The orc misses you.
There is a stone staircase leading up here.
The orc barely misses you.
You climb upwards.
There is a stone staircase leading down here.
The orc hits you with a +1 short sword of venom.
You are poisoned.
You climb downwards.
You feel very sick. The bat hits you but does no damage.
The bat closely misses you. The bat barely misses you.
There is a stone staircase leading up here.
You feel sick. The bat barely misses you. The bat hits you but does no damage.
The orc hits you with a +1 short sword of venom.
You are more poisoned.
You climb upwards.
You feel very sick.
There is a stone staircase leading down here.
You hit the orc but do no damage.
You feel sick. The bat barely misses you. x2
You hit the orc but do no damage.
You feel sick. The bat misses you. The orc completely misses you.
You barely miss the orc.
You feel sick.
The orc hits you with a +1 short sword of venom.
You are lethally poisoned!
You hit the orc.
The orc is moderately wounded.
* * * LOW HITPOINT WARNING * * *
You feel very sick. The bat barely misses you.
You barely miss the orc.
The orc is moderately wounded.
* * * LOW HITPOINT WARNING * * *
You feel sick. The bat hits you but does no damage. The bat closely misses you.
The orc hits you but does no damage.
You are more poisoned.
You hit the orc but do no damage.
The orc is moderately wounded.
You die...

### ##.## ##.#b########
#######.###@o.[...## #......##
##.###...#######
######.#####.###......#....##(##
............).#..####...##.#.#.##
.......#######.#.# ##.###..#....
######## ####.#.# ##...#.#...## #
#....#.# ##..##..##.## #
####.####.###.#.###.##.# #
#...#.###.##.##.###..#.###


You could see an orc and a bat.

Vanquished Creatures
  A worm (D:2)
  5 dart slugs
  4 orcs
  3 bats (D:1)
  3 endoplasms
  3 giant cockroaches
  4 goblins
  7 hobgoblins
  5 jackals (D:2)
  2 quokkas (D:1)
  7 ball pythons
  2 frilled lizards
  4 kobolds
  9 rats
59 creatures vanquished.

Notes
Turn   | Place    | Note
-------+----------+-------------------------------------------
     0 | D:1      | Setbun the Kobold Brigand began the quest for the Orb.
     0 | D:1      | Reached XP level 1. HP: 12/12 MP: 1/1
    58 | D:1      | Reached skill level 3 in Short Blades
   122 | D:1      | Reached XP level 2. HP: 17/17 MP: 2/2
   221 | D:1      | Reached skill level 4 in Short Blades
   328 | D:1      | Reached XP level 3. HP: 21/21 MP: 3/3
   422 | D:1      | Found a faded altar of an unknown god.
   603 | D:1      | Reached skill level 5 in Short Blades
  1053 | D:2      | Reached XP level 4. HP: 26/26 MP: 4/4
  1736 | D:2      | Reached skill level 6 in Short Blades
  1898 | D:2      | Succumbed to an orc's poison

Illustrated notes

Levels and vault maps discovered:
D:1:      elethiomel_arrival_fortress_basement, layout_rooms,
          chequers_ecumenical_altar_island, minivault_19
D:2:      layout_loops_ring
D:3:      minmay_bubble_buster, layout_loops_cross

Skill      XL: |  1  2  3  4 |
---------------+-------------+-----
Short Blades   | 3 4 5 6 |  6.0
Fighting       | |  2.1
Throwing       | |  2.1
Dodging        | |  1.2
Stealth        | |  5.3

Action                   |  1- 3 |  4- 6 || total
-------------------------+-------+-------++-------
Melee: Dagger            |    78 |    52 ||   130
 Stab: Sleeping          |    18 |    12 ||    30
       Distracted        |     1 |     1 ||     2
Armor: Robe              |    11 |    10 ||    21
Dodge: Dodged            |    30 |    37 ||    67

Table legend: (Time is in decaauts)
 A = Elapsed time spent in this place.
 B = Non-inter-level travel time spent in this place.
 C = Inter-level travel time spent in this place.
 D = Time resting spent in this place.
 E = Time spent auto-exploring this place.
 F = Levels seen in this place.
 G = Mean time per level.
                   A        B        C        D        E       F      G
               +--------+--------+--------+--------+--------+-----+--------+
         Total |   1873 |   1815 |     58 |    133 |   1367 |   3 |  624.3 |
       Dungeon |   1873 |   1815 |     58 |    133 |   1367 |   3 |  624.3 |
               +--------+--------+--------+--------+--------+-----+--------+

Top non-repeatable levels by time:
     D:2: 987 daAuts
     D:1: 870 daAuts
     D:3: 16 daAuts
